AoeStats
← OmarGutieG

Arabia

509727337Analyzed
2v2 RM · 3d ago on Sep 27, 2026· 51m 50s· 4 players
Game mode
Random Map
Map size
Medium (4 player)
Population
200
Speed
Normal
Resources
Standard
Victory
Conquest
Starting age
Dark Age
Ending age
Imperial Age
RankedLock teamsTeams togetherTeam positionsShared explorationLock speedFull tech treeHidden civsTurbo modeCheats
Victory
Defeat
🇧🇷 Vietnamese · Brazil
1313
+17
🇺🇸 Turks · United States
1276
+18
🇲🇽 Magyars · Mexico
1330
-18
🇲🇽 Ethiopians · Mexico
1322
-17
Uhtred_of_Bebbamburg
6:13 Loom
9:28 Feudal Age
10:14 Double-Bit Axe
12:51 Fletching
13:44 Padded Archer Armor
21:11 Wheelbarrow
25:35 Castle Age
25:49 Gold Mining
25:42 Horse Collar
25:36 Crossbowman
26:21 Thumb Ring
26:15 Bodkin Arrow
26:36 Leather Archer Armor
27:52 Ballistics
37:41 Town Watch
40:54 Imperial Age
40:03 Stone Mining
41:57 Arbalester
42:42 Bracer
43:13 Ring Archer Armor
43:27 Bow Saw
43:23 Heavy Plow
44:22 Ring Archer Armor
45:46 Chemistry
47:55 Paper Money
48:24 Stone Shaft Mining
48:28 Crop Rotation
48:10 Scale Barding Armor
48:15 Forging
49:14 Two-Man Saw
47:57 Elite Skirmisher
50:22 Masonry
50:09 Murder Holes
50:33 Chatras
50:22 Imperial Skirmisher
MONGO
6:19 Loom
8:53 Feudal Age
9:37 Double-Bit Axe
11:02 Town Watch
11:43 Horse Collar
20:36 Castle Age
20:25 Padded Archer Armor
20:16 Fletching
21:14 Bodkin Arrow
25:20 Husbandry
26:23 Bloodlines
27:12 Padded Archer Armor
30:19 Ballistics
30:05 Thumb Ring
39:07 Imperial Age
39:16 Wheelbarrow
38:32 Gold Mining
38:32 Stone Mining
38:54 Bow Saw
38:46 Heavy Plow
40:05 Bracer
41:22 Heavy Cavalry Archer
43:12 Sipahi
43:42 Leather Archer Armor
46:04 Parthian Tactics
46:03 Artillery
48:38 Masonry
48:24 Murder Holes
51:13 Ring Archer Armor
armigame1
6:37 Loom
9:21 Feudal Age
19:53 Double-Bit Axe
19:51 Horse Collar
22:17 Castle Age
21:59 Bloodlines
21:59 Scale Barding Armor
23:39 Chain Barding Armor
23:19 Gold Mining
23:43 Bow Saw
28:26 Husbandry
35:40 Wheelbarrow
35:30 Light Cavalry
39:08 Heavy Plow
41:39 Gold Shaft Mining
44:55 Imperial Age
44:57 Cavalier
44:58 Hussar
47:05 Two-Man Saw
46:43 Crop Rotation
48:49 Elite Skirmisher
49:46 Fletching
49:56 Padded Archer Armor
OmarGutieG
7:03 Loom
8:59 Feudal Age
13:31 Fletching
15:15 Padded Archer Armor
21:34 Gold Mining
25:07 Castle Age
25:10 Crossbowman
25:53 Bodkin Arrow
33:31 Ballistics
36:34 Wheelbarrow
36:09 Town Watch
39:13 Horse Collar
39:21 Double-Bit Axe
42:42 Hand Cart
45:56 Imperial Age
44:14 Town Patrol
45:29 Thumb Ring
46:07 Arbalester
49:33 Conscription
50:10 Bracer
Connection lost

Rejoining the realm…

Still unreachable

The connection could not be restored.

Session expired

The server has moved on; the page needs a fresh start.